 Dungeon Crawl Stone Soup version 0.21.0-3-g78d12a8 (console) character file.

22 removed the Firebug (level 3, 6/23 HPs)
             Began as a Halfling Fire Elementalist on Jan 9, 2018.
             Quit the game on level 2 of the Dungeon.
             The game lasted 00:01:18 (1080 turns).

removed the Firebug (Halfling Fire Elementalist)    Turns: 1080, Time: 00:01:18

Health: 6/23       AC:  8    Str:  9    XL:     3   Next: 7%
Magic:  5/5        EV: 10    Int: 13    God:
Gold:   105        SH:  0    Dex: 15    Spells: 4/5 levels left

rFire    + + .     SeeInvis .   a - +0 spear
rCold    x . .     Gourm    .   (shield restricted)
rNeg     . . .     Faith    +   k - +0 fire dragon scales
rPois    .         Spirit   .   (no helmet)
rElec    .         Reflect  .   (no cloak)
rCorr    .         Harm     .   (no gloves)
MR       .....                  (no boots)
Stlth    ..........             q - amulet of faith
HPRegen  0.07/turn              h - ring of flight
MPRegen  0.09/turn              (no ring)

@: no status effects
A: small, mutation resistance 1
a: Evoke Flight


You were on level 2 of the Dungeon.
You were not hungry.

You visited 1 branch of the dungeon, and saw 2 of its levels.

You collected 105 gold pieces.

Inventory:

Hand Weapons
 a - a +0 spear (weapon)
Armour
 e - a +0 robe
 k - +0 fire dragon scales (worn)
Jewellery
 h - a ring of flight (left hand)
 q - an amulet of faith (around neck)
Scrolls
 d - 3 scrolls of identify {unknown}
 j - a scroll of remove curse {unknown}
 m - a scroll of enchant armour {unknown}
 n - a scroll of amnesia {unknown}
 o - 2 scrolls of teleportation {unknown}
 p - 2 scrolls of blinking {unknown}
Potions
 g - 2 potions of mutation {unknown}
 i - 2 potions of heal wounds {unknown}
Books
 b - a book of Flames

   Spells                             Type                      Level
   a - Flame Tongue                   Conjuration/Fire             1
   b - Throw Flame                    Conjuration/Fire             2
   c - Conjure Flame                  Conjuration/Fire             3
   d - Inner Flame                    Hexes/Fire                   3
   e - Sticky Flame                   Conjuration/Fire             4
   f - Fireball                       Conjuration/Fire             5
Comestibles
 c - 2 rations
 l - 2 chunks of flesh


   Skills:
 - Level 1.1 Fighting
 + Level 2.0 Armour
 - Level 2.1 Dodging
 - Level 2.1 Stealth
 - Level 1.5 Spellcasting
 - Level 0.7 Conjurations
 - Level 3.0 Fire Magic


You had 4 spell levels left.
You knew the following spells:

 Your Spells              Type           Power        Failure   Level  Hunger
a - Flame Tongue          Conj/Fire      #....        83%         1    ##.....


Dungeon Overview and Level Annotations

Branches:
Dungeon (2/15)

Altars:


Innate Abilities, Weirdness & Mutations

You are small and have problems with some larger weapons.
You are somewhat resistant to further mutation.


Message History

The worm bites you!
* * * LOW HITPOINT WARNING * * *
You are too injured to fight recklessly!
Your fire dragon scales prevents you from hitting the worm.
The worm is severely wounded.
The worm barely misses you.
You are too injured to fight recklessly!
You hit the worm.
The worm is almost dead.
You hit the worm.
The worm is almost dead.
The worm closely misses you.
You hit the worm.
You kill the worm!
Your Armour skill increases to level 2!
You have reached level 3!
Your experience leads to an increase in your attributes!
Increase (S)trength, (I)ntelligence, or (D)exterity?
You feel agile.
Are you sure you want to abandon this character and quit the game? (Confirm with "yes".)

.... ... ...
#..####.. #..
#..#... #.#
#..#.##########.#
#.............#.#
#.<#.########.#.##
##.#.#...........#
....#.######.#..#
##.### #......#@.#
........######..#
##.###. #..# ..#
#..# ..# #..# ####


There were no monsters in sight!

Vanquished Creatures
  A worm (D:2)
  2 leopard geckos (D:1)
  2 goblins
  2 hobgoblins (D:1)
  6 bats (D:1)
  6 rats
19 creatures vanquished.

Notes
Turn   | Place    | Note
-------+----------+-------------------------------------------
     0 | D:1      | removed the Halfling Fire Elementalist began the quest for the Orb.
     0 | D:1      | Reached XP level 1. HP: 11/11 MP: 3/3
     2 | D:1      | Noticed a demonspawn
     2 | D:1      | Noticed a demigod
     4 | D:1      | Noticed a centaur
     4 | D:1      | Noticed an octopode
     6 | D:1      | Noticed a human
     6 | D:1      | Noticed a troll
     8 | D:1      | Noticed a merfolk
     8 | D:1      | Noticed a naga
    10 | D:1      | Noticed an ogre
    12 | D:1      | Noticed a felid
    15 | D:1      | Noticed a minotaur
    17 | D:1      | Noticed a tengu
    17 | D:1      | Noticed an elf
    19 | D:1      | Noticed a ghoul
    21 | D:1      | Noticed a gargoyle
    21 | D:1      | Noticed a vine stalker
    23 | D:1      | Noticed a halfling
    23 | D:1      | Noticed a spriggan
    25 | D:1      | Noticed a formicid
    25 | D:1      | Noticed a vampire
    27 | D:1      | Noticed a dwarf
    27 | D:1      | Noticed a draconian
   230 | D:1      | Reached skill level 1 in Fighting
   498 | D:1      | Reached XP level 2. HP: 12/18 MP: 4/4
   759 | D:1      | Reached skill level 1 in Armour
  1079 | D:2      | Reached XP level 3. HP: 6/23 MP: 5/5
  1080 | D:2      | Quit the game

Skill      XL: |  1  2 |
---------------+-------+-----
Fighting       | 1 |  1.1
Armour         | 2 |  2.0
Dodging        | |  2.1
Stealth        | |  2.1
Spellcasting   | |  1.5
Conjurations   | |  0.7
Fire Magic     | |  3.0

Action                   || total
-------------------------++-------
Melee: Spear             ||   103
 Cast: Flame Tongue      ||     3
 Stab: Sleeping          ||     1
  Eat: Chunk             ||     1
Armor: Robe              ||     2
       Fire dragon scale ||    46
Dodge: Dodged            ||    59
